 Dungeon Crawl Stone Soup version 0.31.0-11-ge490571c62 (webtiles) character file.

Game seed: 8328406101974536782

9709 jasper the Carver (level 11, -21/126 HPs)
             Began as a Vampire Berserker on Jan 31, 2024.
             Was a Priest of Trog.
             Killed from afar by a frost giant (45 damage)
             ... with a bolt of cold
             ... on level 11 of the Dungeon.
             The game lasted 00:20:43 (9019 turns).

jasper the Carver (Vampire Berserker)               Turns: 9019, Time: 00:20:44

Health: -21/126    AC: 13    Str: 19    XL:     11   Next: 26%
Magic:  0/11       EV: 15    Int:  9    God:    Trog [***...]
Gold:   481        SH:  0    Dex: 19    Spells: 10/10 levels left

rFire   . . .        N - +1 scimitar (freeze)
rCold   . . .        (no shield)
rNeg    . . .        x - +5 ring mail of the Maze {Will++ Str+3 Slay+2 Stlth-}
rPois   .            (no helmet)
rElec   .            c - +0 cloak
rCorr   .            B - +1 pair of gloves
SInv    +            (no boots)
Will    +++++        l - amulet of guardian spirit Stlth
                     (no ring)
HPRegen 1.61/turn    (no ring)
MPRegen 0.12/turn

%: guardian spirit
@: berserking, strong-willed, regenerating, very quick
A: alive, fangs 3, see invisible, vampiric 2
a: Exsanguinate, Renounce Religion, Berserk, Trog's Hand


You were on level 11 of the Dungeon.
You worshipped Trog.
Trog was most pleased with you.
You visited 1 branch of the dungeon, and saw 11 of its levels.
You also visited: Bailey.

You collected 513 gold pieces.
You spent 32 gold pieces at shops.

Inventory:

Hand Weapons
 a - a +0 falchion
 v - a +0 short sword
 K - a +0 long sword
 N - a +1 scimitar of freezing (weapon)
Missiles
 q - 50 stones
 D - 5 boomerangs
 H - 33 poisoned darts (quivered)
 J - 3 datura-tipped darts
 M - 4 darts of dispersal
Armour
 b - a +0 animal skin
 c - a +0 cloak (worn)
 d - a +0 ring mail
 n - a +0 scale mail
 x - the +5 ring mail of the Maze (worn) {Will++ Str+3 Slay+2 Stlth-}
   (You found it on level 4 of the Dungeon)

   Str+3:     It affects your strength (+3).
   Slay+2:    It affects your accuracy & damage with ranged weapons and melee
   (+2).
   Will++:    It greatly increases your willpower.
   Stlth-:    It makes you less stealthy.
 B - a +1 pair of gloves (worn)
Jewellery
 l - an amulet of guardian spirit (around neck)
 F - an amulet of magic regeneration
 I - a ring of fire
 L - a ring of resist corrosion
Wands
 y - a wand of polymorph (10)
 E - a wand of flame (5)
 G - a wand of paralysis (13)
Scrolls
 f - 2 scrolls of brand weapon
 p - a scroll of poison
 r - 6 scrolls of teleportation
 t - a scroll of fog
 A - a scroll of enchant weapon
 Q - 2 scrolls of butterflies
Potions
 e - 8 potions of haste
 g - a potion of enlightenment
 h - 2 potions of experience
 i - 2 potions of cancellation
 j - 4 potions of curing
 k - 2 potions of berserk rage
 m - 4 potions of magic
 s - 4 potions of might {unknown}
 u - a potion of resistance {unknown}
 w - 2 potions of mutation {unknown}
 z - 2 potions of lignification {unknown}
 C - 2 potions of degeneration {unknown}


   Skills:
 - Level 7.4 Fighting
 * Level 13.3 Long Blades
 - Level 1.5 Armour
 - Level 7.9 Dodging
 - Level 10.0 Stealth


You had 10 spell levels left.
You didn't know any spells.
Your spell library was empty.

Dungeon Overview and Level Annotations

Branches:
Dungeon (11/15)            Temple (0/1) D:6            Lair (0/5) D:8
    Orc (0/2) D:9          Bailey (visited)

Altars:
Gozag
Wu Jian

Shops:
D:1 :*?

Annotations:
D:7 3 runed translucent doors, Crazy Yiuf


Innate Abilities, Weirdness & Mutations

Your natural rate of healing is accelerated.
You have razor-sharp teeth.
You have supernaturally acute eyesight. (SInv)
You are afflicted with vampirism and can become a bat while bloodless.


Message History

The frost giant freezes you.
Your black bear goes berserk!
The frost giant closely misses you.
The kobold demonologist casts a spell.
You swap places.
Your black bear barely misses the frost giant.
Your black bear claws the frost giant.
Your black bear claws the frost giant but does no damage.
The frost giant points at you and mumbles some strange words.
The bolt of cold hits your black bear!! The bolt of cold hits you!!
Your black bear bites the frost giant!
Your black bear claws the frost giant!
Your black bear claws the frost giant but does no damage.
The frost giant hits your black bear with a +0 battleaxe of freezing!
The frost giant freezes your black bear.
Your black bear dies!
Your black bear's corpse disappears in a puff of smoke!
Aiming: Paralyse
Press: ? - help, Shift-Dir - straight line, f - frost giant
Aim: a frost giant, wielding a +0 battleaxe of freezing (moderately wounded, chance to affect: 7%)
Okay, then.
You fail to use your ability.
A red film seems to cover your vision as you go berserk!
You feel yourself moving faster!
You feel mighty!
You can no longer call in reinforcements.
The frost giant points at you and mumbles some strange words.
The bolt of cold misses you.
You feel a strong urge to attack something.
You slice the frost giant!! You freeze the frost giant.
The frost giant is heavily wounded.
The kobold demonologist casts a spell.
The frost giant gestures at you while chanting.
The bolt of cold hits you!!
* * * LOW HITPOINT WARNING * * *
You hit the frost giant.
The frost giant is heavily wounded.
You slash the frost giant!
The frost giant is heavily wounded.
The frost giant gestures at you while chanting.
The bolt of cold hits you!!!
You die...

##...##
#......#
#.# #.....#
#.####.#
#.#
##...####.#
#.# #..
..........#
#.#
###.##.####
#.####
#.##.#
#..."#
#.##..
####.#
#.###.#
#####.## #.
.. #35C@..#
## ###
#K####.#
#....#...
##)#.###...
#.K...# ..
.#...
###.### .#
# ## (C. #
#.# ...


You could see a frost giant, a kobold demonologist, a sixfirhy (summoned) and a
crimson imp (summoned).

Vanquished Creatures
  A two-headed ogre (D:8)
  A boulder beetle (D:7)
  An orc knight (D:10)
  A meliai (D:10)
  A rime drake (D:8)
  A komodo dragon (D:10)
  A polar bear (D:8)
  3 trolls (D:7)
  2 hornets
  A wraith (D:9)
  A human (D:9)
  6 yaks (D:9)
  A warg (D:9)
  Edmund (D:6)
  A vampire mosquito (D:11)
  An acid dragon (D:10)
  A water moccasin (D:7)
  6 orc warriors
  5 ice beasts
  A sky beast (D:7)
  A black bear (D:4)
  2 wolves
  4 centaurs
  2 phantoms
  3 kobold brigands
  Blork the orc (D:6)
  4 bullfrogs
  2 gnoll sergeants (D:8)
  5 wights (D:7)
  6 killer bees (D:9)
  A bombardier beetle (D:4)
  4 hounds
  A jelly (D:4)
  7 orc priests
  A gnoll bouda (D:6)
  2 sleepcaps
  7 orc wizards
  30 gnolls
  11 adders
  3 shadow imps
  3 white imps
  3 ufetubi
  2 dart slugs
  2 ribbon worms
  67 orcs
  14 ball pythons
  14 bats
  6 endoplasms
  5 giant cockroaches
  7 goblins
  6 hobgoblins
  5 quokkas
  5 frilled lizards
  20 kobolds
  9 rats
302 creatures vanquished.

Notes
Turn   | Place    | Note
-------+----------+-------------------------------------------
     0 | D:1      | jasper the Vampire Berserker began the quest for the Orb.
     0 | D:1      | Reached XP level 1. HP: 17/17 MP: 1/1
   117 | D:1      | Found Ameazxil's Assorted Antiques.
   158 | D:1      | Reached XP level 2. HP: 24/24 MP: 2/2
   209 | D:1      | Found Erotec's Book Boutique.
   441 | D:1      | Reached ** piety under Trog
   442 | D:1      | Reached skill level 4 in Long Blades
   447 | D:1      | Gained mutation: You are afflicted with vampirism and can
                  | become a bat while bloodless. [Vampire growth]
   447 | D:1      | Reached XP level 3. HP: 29/29 MP: 1/3
   539 | D:1      | Found Mullongo's Magic Scroll Shop.
   578 | D:1      | Bought a glowing yellow potion for 16 gold pieces
   578 | D:1      | Bought a puce potion for 16 gold pieces
  1021 | D:2      | Reached XP level 4. HP: 32/35 MP: 4/4
  1447 | D:2      | Reached skill level 5 in Long Blades
  1676 | D:3      | Found a faded altar of an unknown god.
  1682 | D:3      | Reached XP level 5. HP: 31/41 MP: 3/5
  1835 | D:3      | Reached *** piety under Trog
  1871 | D:3      | Noticed an ogre
  2030 | D:4      | Reached skill level 6 in Long Blades
  2197 | D:4      | Reached skill level 1 in Stealth
  2225 | D:4      | Identified the +5 ring mail of the Maze {Will++ Str+3
                  | Slay+2 Stlth-}
  2304 | D:4      | Reached XP level 6. HP: 47/47 MP: 6/6
  2702 | D:4      | Reached skill level 5 in Stealth
  2825 | D:5      | Entered Level 5 of the Dungeon
  2951 | D:5      | Reached XP level 7. HP: 48/52 MP: 7/7
  4016 | D:6      | Found a staircase to the Ecumenical Temple.
  4189 | D:6      | Noticed Blork the orc
  4197 | D:6      | Killed Blork the orc
  4197 | D:6      | Reached **** piety under Trog
  4267 | D:6      | Noticed Edmund
  4274 | D:6      | Killed Edmund
  4275 | D:6      | Reached skill level 7 in Long Blades
  4363 | D:6      | Reached XP level 8. HP: 38/58 MP: 4/8
  4596 | D:6      | Found an opulent altar of Gozag.
  4826 | D:7      | Found an ornate altar of the Wu Jian Council.
  4849 | D:7      | Found a large runed translucent door.
  4849 | D:7      | Noticed a troll
  4850 | D:7      | Found a large runed translucent door.
  4850 | D:7      | Noticed a troll
  4852 | D:7      | Found a large runed translucent door.
  4852 | D:7      | Found a large runed translucent door.
  5182 | D:7      | Reached skill level 8 in Long Blades
  5182 | D:7      | Reached skill level 10 in Stealth
  5624 | D:7      | Reached XP level 9. HP: 59/66 MP: 7/9
  5651 | D:7      | Noticed a boulder beetle
  5663 | D:7      | Killed a boulder beetle
  5664 | D:7      | Reached skill level 5 in Fighting
  5664 | D:7      | Reached skill level 9 in Long Blades
  5761 | D:7      | Reached skill level 5 in Dodging
  5766 | D:7      | Noticed a troll
  5780 | D:7      | Killed a troll
  5837 | D:7      | Found a runed translucent door.
  5987 | D:7      | Reached skill level 10 in Long Blades
  6129 | D:7      | Noticed Crazy Yiuf
  6211 | D:7      | Killed a troll
  6218 | D:7      | Killed a troll
  6314 | D:8      | Noticed a polar bear
  6315 | D:8      | Noticed a rime drake
  6337 | D:8      | Reached XP level 10. HP: 76/76 MP: 10/10
  6370 | D:8      | Reached skill level 11 in Long Blades
  6445 | D:8      | Noticed a two-headed ogre
  6499 | D:8      | Killed a two-headed ogre
  6576 | D:8      | Found a staircase to the Lair.
  7329 | D:9      | Paralysed by a hornet for 3 turns
  7449 | D:9      | Reached ***** piety under Trog
  7605 | D:9      | Reached skill level 12 in Long Blades
  7676 | D:9      | Found a staircase to the Orcish Mines.
  7848 | D:9      | Found a flagged portal.
  7863 | Bailey   | Entered a bailey
  7920 | Bailey   | Reached XP level 11. HP: 84/84 MP: 11/11
  8626 | D:10     | Entered Level 10 of the Dungeon
  8724 | D:10     | Noticed an orc knight
  8725 | D:10     | Noticed a purple ugly thing
  8741 | D:10     | Noticed an orc knight
  8742 | D:10     | Killed an orc knight
  8743 | D:10     | Reached skill level 13 in Long Blades
  8746 | D:10     | Noticed a centaur warrior
  8749 | D:10     | Noticed a death knight
  8755 | D:10     | Noticed a centaur warrior
  8997 | D:11     | Noticed a frost giant
  9018 | D:11     | Noticed a sixfirhy
  9019 | D:11     | Killed from afar by a frost giant

Illustrated notes

Levels and vault maps discovered:
D:1:      dpeg_arrival_arbitrary_a, layout_loops_ring, serial_shops,
          nicolae_shop_overgrown_old_shop, shop, shop, minmay_heptomino_h4
D:2:      layout_basic, minmay_quantized
D:3:      minmay_octagon_keep, layout_basic, shapermc_ecumenical_altar_venn
D:4:      layout_basic, serial_bayou_lagoon_a
D:5:      layout_basic
D:6:      layout_gridville, nicolae_overflow_crystal_walls,
          minmay_temple_entry_overgrown, uniq_blork_the_orc, uniq_edmund
D:7:      layout_loops_ring, nicolae_wu_jian_wuxing_cycle,
          minmay_hollow_rounded_squares, uniq_crazy_yiuf_cottage
D:8:      layout_basic, hellmonk_lair_entry_icy
D:9:      layout_gridville, elyvilon_altar_1, erik_orc_4, enter_bailey_3
D:10:     minmay_the_grid_triangle_9x9_recursive_2_mashed
          [minmay_the_grid_triangle_9x9_prize_schism,
          minmay_the_grid_triangle_9x9_impossible_snake,
          minmay_the_grid_triangle_9x9_checkered,
          minmay_the_grid_triangle_9x9_negative_grid], layout_basic,
          chequers_temple_overflow_statue_of_worship, st_stairs_13, uniq_urug
D:11:     layout_loops_corners, nicolae_doodle_vault

Skill      XL: |  1  2  3  4  5  6  7  8  9 10 11 |
---------------+----------------------------------+-----
Fighting       | 3 4 6 7 |  7.4
Long Blades    | 4 5 6 7 8 10 12 13 | 13.3
Stealth        | 1 7 9 10 | 10.0
Dodging        | 4 6 7 |  7.9
Armour         | |  1.5

Action                     |  1- 3 |  4- 6 |  7- 9 | 10-12 || total
---------------------------+-------+-------+-------+-------++-------
  Melee: Falchion          |   150 |   168 |   200 |       ||   518
         Bite              |    12 |    18 |    53 |    34 ||   117
         Punch             |     1 |     1 |    11 |     5 ||    18
         Long sword        |       |       |   119 |       ||   119
         Scimitar          |       |       |    18 |   341 ||   359
  Throw: Dart              |       |       |     7 |     5 ||    12
 Invoke: Berserk           |       |     1 |     7 |     4 ||    12
         Trog's Hand       |       |       |     4 |     8 ||    12
         Brothers in Arms  |       |       |       |     3 ||     3
Ability: Exsanguinate      |       |       |       |     1 ||     1
         Revivify          |       |       |       |     1 ||     1
  Evoke: Wand              |       |       |     3 |     3 ||     6
    Use: Scroll            |     4 |       |    12 |     5 ||    21
         Potion            |       |       |     1 |     5 ||     6
   Stab: Sleeping          |       |       |     6 |    13 ||    19
         Paralysed         |       |       |     6 |       ||     6
         Distracted        |       |       |     1 |       ||     1
 Armour: Animal skin       |    13 |       |       |       ||    13
         Ring mail         |    54 |    48 |   229 |   242 ||   573
         Scale mail        |    24 |    68 |       |       ||    92
  Dodge: Dodged            |   108 |    95 |   162 |   270 ||   635
